AoeStats
← Very ellegant player

Arabia

510116571Analyzed
1v1 RM · 20h ago on Sep 29, 2026· 68m 31s· 2 players
Game mode
Random Map
Map size
Tiny (2 player)
Population
200
Speed
Normal
Resources
Standard
Victory
Conquest
Starting age
Dark Age
Ending age
Imperial Age
RankedLock teamsTeams togetherTeam positionsShared explorationLock speedFull tech treeHidden civsTurbo modeCheats
Victory
Defeat
🇨🇳 Varangians · China
1169
+17
🇦🇷 Khitans · Argentina
1186
-17
klose
6:50 Loom
9:07 Feudal Age
9:44 Double-Bit Axe
9:48 Town Watch
11:19 Bloodlines
16:49 Scale Barding Armor
19:07 Fletching
23:20 Forging
26:06 Castle Age
25:17 Arson
25:41 Horse Collar
26:40 Scale Mail Armor
28:05 Town Patrol
29:21 Light Cavalry
30:36 Squires
33:20 Chain Mail Armor
33:33 Pikeman
36:15 Iron Casting
38:47 Man-at-Arms
42:48 Wheelbarrow
42:19 Bodkin Arrow
44:19 Ballistics
45:06 Bow Saw
45:24 Husbandry
46:44 Chain Barding Armor
50:23 Imperial Age
51:16 Stone Mining
51:27 Elite Jarl
53:44 Plate Barding Armor
54:10 Blast Furnace
53:06 Elite Skirmisher
54:12 Conscription
54:31 Guilds
54:18 Gothikon
56:11 Two-Man Saw
55:03 Gold Mining
55:53 Hand Cart
55:39 Elite Varangian Guard
57:09 Stone Shaft Mining
58:28 Chemistry
60:46 Heavy Plow
62:27 Crop Rotation
64:17 Hussar
Very ellegant player
5:17 Loom
10:08 Feudal Age
17:23 Forging
20:44 Double-Bit Axe
25:17 Castle Age
26:33 Bow Saw
26:44 Scale Barding Armor
30:01 Husbandry
32:09 Fletching
32:23 Domestication
33:09 Gold Mining
33:34 Padded Archer Armor
36:22 Wheelbarrow
35:44 Bodkin Arrow
36:04 Leather Archer Armor
37:13 Thumb Ring
41:31 Heavy Cavalry Archer
47:23 Pastoralism
50:44 Ballistics
53:45 Imperial Age
51:31 Hand Cart
54:54 Parthian Tactics
54:31 Bracer
55:02 Ring Archer Armor
57:25 Chemistry
Connection lost

Rejoining the realm…

Still unreachable

The connection could not be restored.

Session expired

The server has moved on; the page needs a fresh start.